 Dungeon Crawl Stone Soup version 0.29.0-11-gd7f09526c8 (webtiles) character file.

Game seed: 1341032484158420720

72 Zonian the Chiller (level 4, -1/30 HPs)
             Began as a Demonspawn Ice Elementalist on Sept 3, 2022.
             Was a Believer of Wu Jian.
             Slain by an adder (3 damage)
             ... on level 3 of the Dungeon.
             The game lasted 00:05:29 (3556 turns).

Zonian the Chiller (Demonspawn Ice Elementalist)    Turns: 3556, Time: 00:05:29

Health: -1/30      AC:  2    Str:  9    XL:     4   Next: 7%
Magic:  3/7        EV: 12    Int: 18    God:    Wu Jian [**....]
Gold:   147        SH:  0    Dex: 13    Spells: 7/8 levels left

rFire   . . .      SeeInvis .   (no weapon)
rCold   . . .      Faith    .   (no shield)
rNeg    . . .      Spirit   .   a - +0 robe
rPois   .          Reflect  .   (no helmet)
rElec   .          Harm     .   (no cloak)
rCorr   .          Rampage  .   (no gloves)
Will    .....                   (no boots)
Stlth   ++........              (no amulet)
HPRegen 0.10/turn               (no ring)
MPRegen 0.10/turn               (no ring)

@: no status effects
A: claws 1
a: Renounce Religion, Wall Jump


You were on level 3 of the Dungeon.
You worshipped Wu Jian.
Wu Jian was pleased with you.
You visited 1 branch of the dungeon, and saw 3 of its levels.

You collected 147 gold pieces.

Inventory:

Hand Weapons
 e - a +0 dagger
Armour
 a - a +0 robe (worn)
Jewellery
 h - a ring of positive energy
Scrolls
 c - a scroll of magic mapping {unknown}
 d - 2 scrolls of noise
 f - 2 scrolls of teleportation {unknown}
 j - a scroll of brand weapon {unknown}
 k - a scroll of amnesia {unknown}
Potions
 b - a potion of magic
 g - a potion of flight {unknown}
 i - 2 potions of heal wounds {unknown}


   Skills:
 + Level 2.4 Dodging
 + Level 2.6 Stealth
 + Level 2.6 Spellcasting
 + Level 4.0 Ice Magic


You had 7 spell levels left.
You knew the following spells:

 Your Spells              Type           Power      Damage    Failure   Level
a - Freeze                Ice            64%        1d8       3%          1

Your spell library contained the following spells:

 Spells                   Type           Power      Damage    Failure   Level
 Frozen Ramparts          Ice            32%        1d5       10%         3
 Ozocubu's Armour         Ice            16%        N/A       10%         3
 Apportation              Tloc           4%         N/A       17%         1
 Necrotise                Necr           8%         1d4       17%         1
 Summon Small Mammal      Summ           8%         N/A       17%         1
 Hailstorm                Conj/Ice       9%         3d4       58%         4


Dungeon Overview and Level Annotations

Branches:
Dungeon (3/15)

Altars:
Wu Jian

Annotations:
D:2 Sigmund


Innate Abilities, Weirdness & Mutations

You have sharp fingernails.


Message History

You freeze the adder.
The adder is heavily wounded.
The adder closely misses you. The goblin hits you with a +0 dagger.
* * * LOW HITPOINT WARNING * * *
Casting: Freeze (safe; 3% risk of failure)
Confirm with . or Enter, or press ? or * to list all spells.
Aiming: Freeze (safe; 3% risk of failure)
Press: ? - help, Shift-Dir - straight line, f/p - adder
Aim: an adder (heavily wounded)
You freeze the adder.
You kill the adder!
The Council accepts your kill.
You have reached level 4!
You feel stronger.
You closely miss the goblin. The goblin attacks as you move away!
The goblin hits you with a +0 dagger.
* * * LOW HITPOINT WARNING * * *
Unknown command.
Casting: Freeze (safe; 3% risk of failure)
Confirm with . or Enter, or press ? or * to list all spells.
Aiming: Freeze (safe; 3% risk of failure)
Press: ? - help, Shift-Dir - straight line, f - goblin
Aim: a goblin, wielding a +0 dagger You freeze the goblin.
You kill the goblin!
The Council accepts your kill.
Unknown command.
The adder bites you.
* * * LOW HITPOINT WARNING * * *
Casting: Freeze (safe; 3% risk of failure)
Confirm with . or Enter, or press ? or * to list all spells.
Aiming: Freeze (safe; 3% risk of failure)
Press: ? - help, Shift-Dir - straight line, f - adder
Aim: an adder (lightly wounded)
You freeze the adder.
The adder is moderately wounded.
The adder closely misses you.
Unknown command.
The adder bites you.
You die...

####.# ####....#
##..+?...#
#...#.g..####
#....)...##..
#....###g##.######
#..g.#<...#.#....#
#...S.....#.#.##.#
#...@.w...#.#.##.###.
#..#.>........g......
#.##.#.......w##.###.
#. #.#.####......# #.
#......†......#
###.#####.....#
#.#...'.....#
#.#.###.....# ..#
###......


You could see a worm, an adder, a hobgoblin and a goblin.

Vanquished Creatures
  An adder (D:3)
  A worm (D:2)
  A dart slug (D:1)
  4 ball pythons
  5 bats
  7 endoplasms
  3 giant cockroaches
  8 goblins
  5 hobgoblins
  2 jackals (D:3)
  3 quokkas
  4 frilled lizards
  4 kobolds
  3 rats (D:1)
51 creatures vanquished.

Notes
Turn   | Place    | Note
-------+----------+-------------------------------------------
     0 | D:1      | Zonian the Demonspawn Ice Elementalist began the quest for
                  | the Orb.
     0 | D:1      | Reached XP level 1. HP: 13/13 MP: 3/3
    64 | D:1      | Found a faded altar of an unknown god.
    70 | D:1      | Prayed at the altar of an unknown god.
    70 | D:1      | Became a worshipper of the Wu Jian Council
    70 | D:1      | Reached * piety under Wu Jian
   515 | D:1      | Gained mutation: You have sharp fingernails. [demonic
                  | ancestry]
   515 | D:1      | Reached XP level 2. HP: 16/19 MP: 3/5
  1326 | D:1      | Reached XP level 3. HP: 15/24 MP: 1/6
  1814 | D:1      | Reached ** piety under Wu Jian
  3232 | D:2      | Reached skill level 4 in Ice Magic
  3344 | D:2      | Noticed Sigmund
  3548 | D:3      | Reached XP level 4. HP: 4/30 MP: 4/7
  3556 | D:3      | Slain by an adder

Illustrated notes

Levels and vault maps discovered:
D:1:      amcnicky_arrival_single_pillar, layout_basic,
          hellmonk_ecumenical_altar_crossroads, grunt_decor_cap
D:2:      layout_loops_ring, uniq_sigmund
D:3:      layout_basic, reono_crystal_passage

Skill      XL: |  1  2  3 |
---------------+----------+-----
Dodging        | 2 |  2.4
Stealth        | 2 |  2.6
Ice Magic      | 4 |  4.0
Spellcasting   | |  2.6

Action                   |  1- 3 |  4- 6 || total
-------------------------+-------+-------++-------
Melee: Unarmed           |    94 |     1 ||    95
       Punch             |     2 |       ||     2
 Cast: Freeze            |    57 |     2 ||    59
Invok: Whirlwind         |    26 |       ||    26
       Lunge             |    23 |       ||    23
  Use: Scroll            |     1 |       ||     1
 Stab: Sleeping          |    12 |       ||    12
Armor: Robe              |    22 |       ||    22
Dodge: Dodged            |    79 |     1 ||    80
